 Dungeon Crawl Stone Soup version 0.27-a0-869-g165b36e3f0 (webtiles) character file.

Game seed: 17085665492351163615

19740 polve the Severer (level 12, 0/108 HPs)
             Began as a Hill Orc Berserker on Apr 2, 2021.
             Was a High Priest of Trog.
             Slain by a tentacled starspawn (7 damage)
             ... on level 1 of the Abyss.
             The game lasted 00:14:07 (17198 turns).

polve the Severer (Hill Orc Berserker)             Turns: 17198, Time: 00:14:07

Health: 0/108      AC: 18    Str: 23    XL:     12   Next: 72%
Magic:  12/12      EV: 10    Int:  5    God:    Trog [*****.]
Gold:   1040       SH:  5    Dex: 18    Spells: 11/11 levels left

rFire    . . .     SeeInvis .   m - +0 battleaxe
rCold    . . .     Faith    .   (shield currently unavailable)
rNeg     . . .     Spirit   .   f - +0 plate armour
rPois    .         Reflect  +   L - +0 helmet
rElec    .         Harm     .   C - scarf {shadows}
rCorr    .         Rampage  .   Q - +1 pair of gloves
Will     .....                  u - +0 pair of boots
Stlth    ..........             y - amulet of reflection
HPRegen  0.28/turn              v - +6 ring of dexterity
MPRegen  0.13/turn              E - +4 ring of evasion

@: berserk cooldown, slowed, constricted, very slow
A: [dopey 1]
a: Renounce Religion, Berserk, Trog's Hand, Brothers in Arms


You were on level 1 of the Abyss.
You worshipped Trog.
Trog was extremely pleased with you.
You visited 1 branch of the dungeon, and saw 13 of its levels.
You visited the Abyss 1 time.
You also visited: Ossuary.

You collected 1040 gold pieces.

Inventory:

Hand Weapons
 e - a +4 scimitar of flaming
 m - a +0 battleaxe (weapon)
Missiles
 H - 2 curare-tipped darts
Armour
 f - a +0 plate armour (worn)
 u - a +0 pair of boots (worn)
 C - a scarf of shadows (worn)
 L - a +0 helmet (worn)
 Q - a +1 pair of gloves (worn)
Jewellery
 v - a +6 ring of dexterity (left hand)
 y - an amulet of reflection (around neck)
 A - an amulet of regeneration
 E - a +4 ring of evasion (right hand)
 F - a ring of poison resistance
 K - an amulet of faith
 P - a ring of resist corrosion
 U - a ring of fire
Wands
 h - a wand of acid (17)
 t - a wand of polymorph (17)
 x - a wand of flame (50)
 J - a wand of charming (8)
 N - a wand of random effects (37)
 R - a wand of iceblast (18)
Scrolls
 a - 2 scrolls of immolation
 c - 6 scrolls of magic mapping
 d - 6 scrolls of teleportation
 g - a scroll of identify
 l - a scroll of torment {unknown}
 o - a scroll of brand weapon {unknown}
 w - 2 scrolls of enchant weapon
 I - 2 scrolls of fear
 M - a scroll of blinking {unknown}
 O - a scroll of acquirement {unknown}
 S - a scroll of vulnerability
 T - a scroll of enchant armour
Potions
 b - 3 potions of heal wounds {unknown}
 i - a potion of magic {unknown}
 j - 4 potions of curing
 k - 2 potions of cancellation {unknown}
 n - 5 potions of attraction {unknown}
 p - 4 potions of flight {unknown}
 q - a potion of haste
 s - 3 potions of lignification {unknown}
 z - 3 potions of might {unknown}
 B - a potion of resistance {unknown}
 D - 2 potions of invisibility {unknown}


   Skills:
 * Level 10.9 Fighting
 - Level 20.0 Axes
 + Level 7.1 Armour
 + Level 5.3 Dodging


You had 11 spell levels left.
You didn't know any spells.
Your spell library was empty.

Dungeon Overview and Level Annotations

Branches:
Dungeon (13/15)            Temple (0/1) D:4            Lair (0/6) D:10
    Orc (0/2) D:11        Ossuary (visited)
 Vaults: D:13-14

Altars:
Dithmenos
Elyvilon
Gozag
Hepliaklqana
Nemelex Xobeh
Qazlal
Ru
Trog
Vehumet
Wu Jian
Xom
Zin
The Shining One

Shops:
D:2 *   D:4 *   D:5 *   D:11 :   D:12 *

Annotations:
D:13 Sonja


Innate Abilities, Weirdness & Mutations

[You are dopey. (Int -2)]


Message History

A starcursed mass splits.
A chorus of shrieks assaults your mind.
Tentacles burst from the starspawn's body! 2 starspawn tentacles come into view.
You slash the tentacled starspawn!
The tentacled starspawn is lightly damaged.
You slash the white imp!
You kill the white imp!
Trog accepts your kill.
A starcursed mass splits.
The tentacled starspawn bites you but does no damage.
The tentacled starspawn closely misses you.
A starcursed mass splits.
The starspawn tentacle barely misses you.
You slice the tentacled starspawn!!
The tentacled starspawn is moderately damaged.
You barely miss the starspawn tentacle. The starspawn tentacle grabs you.
The starspawn tentacle constricts you. The tentacled starspawn bites you!!
* * * LOW HITPOINT WARNING * * *
The tentacled starspawn tentacle-slaps you.
* * * LOW HITPOINT WARNING * * *
As you read the scroll of fear, it crumbles to dust.
You assume a fearsome visage.
The starcursed mass is unaffected.
The tentacled starspawn is unaffected.
The starcursed mass is unaffected.
The starspawn tentacle is unaffected. x2; The starcursed mass is unaffected.
The tentacled starspawn closely misses you.
The tentacled starspawn barely misses you.
The starspawn tentacle constricts you. A chorus of shrieks assaults your mind.
* * * LOW HITPOINT WARNING * * *
Okay, then.
You feel better.
You block the tentacled starspawn's attack.
The tentacled starspawn tentacle-slaps you!
* * * LOW HITPOINT WARNING * * *
The starspawn tentacle constricts you. The starcursed mass misses you.
The tentacled starspawn bites you.
* * * LOW HITPOINT WARNING * * *
The tentacled starspawn tentacle-slaps you!
You die...

# ##
..#.# .
##X#.#. .
. #.X.
#.[# #
ยง#.#.. .
#.#.##..#
. #
#.......#
#..###XX#
# .
#..@#.# .
#.##Xw##
. w#.# .
## .. ##.
..# . ...
...#


You could see 3 starcursed masses, a tentacled starspawn and 2 starspawn
tentacles.

Vanquished Creatures
  Erolcha (D:10)
  A rakshasa (Abyss:1)
  A boulder beetle (D:11)
  3 two-headed ogres
  A wretched star (Abyss:1)
  2 deep elf pyromancers
  A manticore (D:12)
  A cyclops (D:11)
  An ugly thing (D:12)
  3 slime creatures (D:12)
  Joseph (D:10)
  Maggie (D:10)
  An efreet (D:13)
  The ghost of tilp the Skirmisher, an amateur OgWr (D:5)
  2 komodo dragons
  3 trolls
  A queen bee (D:11)
  Grinder (D:5)
  2 large abominations (Abyss:1)
  3 shadows
  A wraith (D:12)
  10 yaks
  A steam dragon (D:7)
  Edmund (D:6)
  2 acid dragons
  3 water moccasins
  Duvessa (D:7)
  An ettin simulacrum (Abyss:1)
  An ice beast (D:4)
  6 orc warriors
  2 sky beasts
  A necrophage (D:6)
  2 black bears
  5 ogres
  5 centaurs
  7 kobold brigands
  Blork the orc (D:5)
  6 bullfrogs
  5 gnoll sergeants
  A scorpion (D:7)
  3 wyvern zombies (D:7)
  Dowan (D:7)
  17 killer bees
  3 wights
  3 howler monkeys
  5 centaur zombies
  A bullfrog zombie (D:7)
  5 hounds
  6 jellies
  3 quasits (D:5)
  A centaur skeleton (D:7)
  An orc priest (D:10)
  2 bullfrog skeletons
  2 iguanas
  An iron imp (Abyss:1)
  Terence (D:2)
  10 orc wizards
  2 killer bee zombies (D:8)
  3 hound skeletons
  8 mummies (Ossuary)
  8 gnolls
  4 adders
  3 shadow imps
  4 white imps
  An ufetubus (D:7)
  An adder skeleton (D:5)
  4 worms
  The ghost of Thantalas the Covert, a weakling GnDe of Hepliaklqana (D:6)
  A dart slug (D:2)
  43 orcs
  4 bats
  6 endoplasms
  3 giant cockroaches
  2 gnoll zombies (Ossuary)
  5 goblins
  6 hobgoblins
  5 jackals
  6 quokkas
  9 ball pythons
  2 frilled lizards (D:2)
  2 hobgoblin zombies (Ossuary)
  15 kobolds
  A kobold zombie (Ossuary)
  3 orc zombies (Ossuary)
  3 rats (D:2)
  A lurking horror (Abyss:1)
314 creatures vanquished.

Vanquished Creatures (others)
  6 fungi (D:10)
  20 plants
26 creatures vanquished.

Grand Total: 340 creatures vanquished

Notes
Turn   | Place    | Note
-------+----------+-------------------------------------------
     0 | D:1      | polve the Hill Orc Berserker began the quest for the Orb.
     0 | D:1      | Reached XP level 1. HP: 19/19 MP: 1/1
   344 | D:1      | Reached XP level 2. HP: 27/27 MP: 2/2
  1392 | D:2      | Found a faded altar of an unknown god.
  1473 | D:2      | Reached skill level 5 in Axes
  1473 | D:2      | Reached XP level 3. HP: 32/33 MP: 3/3
  1623 | D:2      | Noticed Terence
  1631 | D:2      | Killed Terence
  1829 | D:2      | Reached skill level 6 in Axes
  1829 | D:2      | Reached XP level 4. HP: 40/40 MP: 4/4
  2063 | D:2      | Found Niynwuof's Assorted Antiques.
  2170 | D:2      | Reached ** piety under Trog
  2314 | D:2      | You fall into a shaft and drop 1 floor!
  2576 | D:3      | Reached skill level 7 in Axes
  2578 | D:3      | Reached XP level 5. HP: 46/46 MP: 5/5
  2725 | D:3      | Found a shimmering altar of Xom.
  3062 | D:3      | Found a glowing golden altar of the Shining One.
  3062 | D:3      | Found a hazy altar of Hepliaklqana.
  3534 | D:4      | Found Jomydgha's Assorted Antiques.
  3662 | D:4      | Reached skill level 8 in Axes
  3662 | D:4      | Reached XP level 6. HP: 48/52 MP: 6/6
  3839 | D:4      | Found a stormy altar of Qazlal.
  3842 | D:4      | Found a staircase to the Ecumenical Temple.
  4111 | D:4      | Noticed an ice beast
  4119 | D:4      | Killed an ice beast
  4120 | D:4      | Reached skill level 9 in Axes
  4144 | D:4      | Noticed a black bear
  4147 | D:4      | Killed a black bear
  4364 | D:4      | Reached XP level 7. HP: 58/58 MP: 7/7
  4466 | D:4      | Reached *** piety under Trog
  4482 | D:5      | Entered Level 5 of the Dungeon
  4527 | D:5      | Reached skill level 10 in Axes
  4670 | D:5      | Found a sand-covered staircase.
  4690 | D:5      | Noticed Grinder
  4702 | D:5      | Killed Grinder
  4703 | D:5      | Reached skill level 11 in Axes
  4721 | Ossuary  | Entered an ossuary
  4750 | Ossuary  | Reached XP level 8. HP: 37/66 MP: 8/8
  5070 | D:5      | Reached skill level 12 in Axes
  5226 | D:5      | Found a transporter.
  5242 | D:5      | Found a white marble altar of Elyvilon.
  5343 | D:5      | Identified the +1 robe of Absence {Str+4}
  5383 | D:5      | Noticed tilp's ghost (amateur OgWr)
  5393 | D:5      | Found a transporter.
  5412 | D:5      | Noticed Blork the orc
  5421 | D:5      | Killed Blork the orc
  5609 | D:5      | Found Yblic's Assorted Antiques.
  5920 | D:5      | Reached skill level 13 in Axes
  6552 | D:5      | Killed tilp's ghost
  6569 | D:5      | Reached skill level 14 in Axes
  6569 | D:5      | Reached XP level 9. HP: 43/71 MP: 9/9
  7229 | D:6      | Noticed Edmund
  7244 | D:6      | Killed Edmund
  7245 | D:6      | Reached skill level 15 in Axes
  7424 | D:6      | Found a glowing silver altar of Zin.
  7426 | D:6      | Found a sparkling altar of Nemelex Xobeh.
  7428 | D:6      | Found a radiant altar of Vehumet.
  7428 | D:6      | Found a bloodstained altar of Trog.
  7816 | D:6      | Found a large runed translucent door.
  7816 | D:6      | Found a large runed translucent door.
  7818 | D:6      | Noticed Thantalas's ghost (weakling GnDe)
  7829 | D:6      | Killed Thantalas's ghost
  7886 | D:7      | Noticed Dowan
  7887 | D:7      | Noticed Duvessa
  7894 | D:7      | Killed Dowan
  7899 | D:7      | Killed Duvessa
  7932 | D:7      | Reached **** piety under Trog
  7939 | D:7      | Reached skill level 16 in Axes
  8651 | D:7      | Reached XP level 10. HP: 78/78 MP: 10/10
  8711 | D:7      | Reached skill level 17 in Axes
  9311 | D:8      | Found an opulent altar of Gozag.
  9405 | D:8      | Reached skill level 18 in Axes
  9455 | D:8      | Reached ***** piety under Trog
 10168 | D:9      | Found a shadowy altar of Dithmenos.
 10985 | D:9      | Found a shadowy altar of Dithmenos.
 11011 | D:9      | Reached skill level 19 in Axes
 11174 | D:9      | Found an ornate altar of the Wu Jian Council.
 11182 | D:9      | Found a sacrificial altar of Ru.
 11651 | D:10     | Entered Level 10 of the Dungeon
 11660 | D:10     | Reached XP level 11. HP: 51/83 MP: 11/11
 11915 | D:10     | Noticed Erolcha
 11927 | D:10     | Killed Erolcha
 11928 | D:10     | Reached skill level 20 in Axes
 12430 | D:10     | Noticed Joseph
 12439 | D:10     | Killed Joseph
 12761 | D:10     | Noticed Maggie
 12775 | D:10     | Killed Maggie
 12776 | D:10     | Reached skill level 5 in Fighting
 13312 | D:10     | Found a staircase to the Lair.
 13501 | D:11     | Noticed a two-headed ogre
 13506 | D:11     | Killed a two-headed ogre
 13597 | D:11     | Found a staircase to the Orcish Mines.
 13888 | D:11     | Found Qogemm's Book Emporium.
 13898 | D:11     | Noticed a cyclops
 13905 | D:11     | Killed a cyclops
 13905 | D:11     | Received a gift from Trog
 13972 | D:11     | Noticed a boulder beetle
 13987 | D:11     | Killed a boulder beetle
 14014 | D:11     | Noticed a two-headed ogre
 14027 | D:11     | Killed a two-headed ogre
 14028 | D:11     | Reached skill level 5 in Armour
 14042 | D:11     | Reached XP level 12. HP: 49/102 MP: 12/12
 15694 | D:12     | Noticed a two-headed ogre
 15700 | D:12     | Killed a two-headed ogre
 16122 | D:12     | Reached skill level 10 in Fighting
 16560 | D:12     | Found Jatal's Island Escapes.
 16793 | D:13     | Reached skill level 5 in Dodging
 16862 | D:13     | Noticed Sonja
 16872 | D:13     | Cast into level 1 of the Abyss (Sonja)
 17019 | Abyss:1  | Noticed a wretched star
 17036 | Abyss:1  | Killed a wretched star
 17039 | Abyss:1  | Noticed a rakshasa
 17051 | Abyss:1  | Killed a rakshasa
 17187 | Abyss:1  | Noticed a starcursed mass
 17194 | Abyss:1  | Noticed a tentacled starspawn
 17198 | Abyss:1  | Slain by a tentacled starspawn

Illustrated notes

Levels and vault maps discovered:
D:1:      amcnicky_arrival_blooded_trapdoor, layout_basic
D:2:      layout_loops_ring, serial_shops, nicolae_shop_overgrown_old_shop,
          ebering_ecumenical_altar_ruins, grunt_ministairs_4, uniq_terence
D:3:      layout_rooms, lemuel_tele_altar, gammafunk_temple_overflow_statue
D:4:      black_bear_nest_2, layout_loops_ring, kennysheep_mini,
          minmay_temple_entry_mist, serial_shops, shop, serial_co_window_serial,
          co_window_corner_a, co_window_of_opportunity_a, co_window_paths_a,
          co_window_paths_b, co_window_paths_a, co_window_corner_b,
          co_window_unsneaky_path_d, co_window_corner_b, co_window_4corner_a,
          co_window_4corner_b
D:5:      layout_layer_cave, elyvilon_altar_5, serial_shops,
          kennysheep_mini_moat, nicolae_ossuary_entry_monument,
          gammafunk_ghost_stat_death, uniq_grinder, uniq_blork_the_orc
D:6:      layout_loops_ring, grunt_temple_overflow_open,
          ebering_ghost_disaster_area, uniq_edmund
D:7:      kennysheep_windowed_halls, layout_loops_ring,
          chequers_serial_rivers_micro_a, hangedman_decor_opposing,
          kennysheep_generic_room_8, uniq_duvessa
D:8:      layout_loops_cross, grunt_gozag_statues, hangedman_glass_teeth,
          st_stairs_2
D:9:      layout_small_grid, minitemple,
          nicolae_dithmenos_through_a_glass_darkly, kennysheep_flooded_box,
          minmay_puff
D:10:     layout_loops_ring, grunt_lair_entry_orc_guard_hut, uniq_maggie,
          uniq_erolcha, uniq_joseph
D:11:     layout_stronghold, kennysheep_orc_monster_closet_entryway,
          serial_shops, nicolae_shop_crystal, nicolae_looking_at_the_future
D:12:     layout_basic, nicolae_island_escapes
D:13:     layout_roguey [special_room_orc], uniq_sonja
Abyss:1:  base:
D:10

Skill      XL: |  1  2  3  4  5  6  7  8  9 10 11 12 |
---------------+-------------------------------------+-----
Axes           | 5 6 7 8 9 11 14 16 19 20 | 20.0
Fighting       | 8 10 | 10.9
Armour         | 5 7 |  7.1
Dodging        | 3 5 |  5.3

Action                   |  1- 3 |  4- 6 |  7- 9 | 10-12 || total
-------------------------+-------+-------+-------+-------++-------
Melee: Hand axe          |    72 |   156 |       |       ||   228
       Battleaxe         |       |    17 |   303 |   519 ||   839
Invok: Berserk           |     2 |     4 |     7 |    22 ||    35
  Use: Scroll            |       |       |       |    12 ||    12
       Potion            |       |       |       |     2 ||     2
 Stab: Distracted        |       |       |       |     1 ||     1
Armor: Chain mail        |     6 |       |       |       ||     6
       Animal skin       |     1 |       |       |       ||     1
       Plate armour      |    24 |   109 |   242 |   183 ||   558
Dodge: Dodged            |    25 |    48 |   126 |   242 ||   441
Block: Other             |       |       |    24 |    87 ||   111
       Reflection        |       |       |     2 |     3 ||     5

Table legend: (Time is in decaauts)
 A = Elapsed time spent in this place.
 B = Non-inter-level travel time spent in this place.
 C = Inter-level travel time spent in this place.
 D = Time resting spent in this place.
 E = Time spent auto-exploring this place.
 F = Levels seen in this place.
 G = Mean time per level.
                   A        B        C        D        E       F      G
               +--------+--------+--------+--------+--------+-----+--------+
         Total |  17401 |  16827 |    574 |    883 |  14109 |  15 | 1160.1 |
       Dungeon |  16767 |  16193 |    574 |    761 |  13739 |  13 | 1289.8 |
         Abyss |    327 |    327 |      0 |    122 |    130 |   1 |  327.0 |
       Ossuary |    306 |    306 |      0 |      0 |    240 |   1 |  306.0 |
               +--------+--------+--------+--------+--------+-----+--------+

Top non-repeatable levels by time:
     D:5: 2075 daAuts
    D:11: 1815 daAuts
     D:9: 1695 daAuts
    D:10: 1636 daAuts
    D:12: 1419 daAuts
     D:4: 1359 daAuts
     D:2: 1336 daAuts
     D:7: 1328 daAuts
     D:1: 1203 daAuts
     D:6: 1181 daAuts
     D:8: 846 daAuts
     D:3: 648 daAuts
 Abyss:1: 327 daAuts
 Ossuary: 306 daAuts
    D:13: 219 daAuts
